 Dungeon Crawl Stone Soup version 0.30-a0-571-gdf30a72648 (webtiles) character file.

Game seed: 4427365890639203599

136 Jase the Slasher (level 5, -1/38 HPs)
             Began as a Djinni Gladiator on Dec 29, 2022.
             Slain by a scorpion (3 damage)
             ... on level 4 of the Dungeon.
             The game lasted 00:03:09 (1991 turns).

Jase the Slasher (Djinni Gladiator)                 Turns: 1991, Time: 00:03:09

Health: -1/38      AC:  6    Str: 13    XL:     5   Next: 43%
Gold:   93         EV: 12    Int: 12    God:
                   SH:  0    Dex: 14

rFire   + + .      SeeInvis .    a - +0 long sword
rCold   x . .      Faith    .    (no shield)
rNeg    . . .      Spirit   .    b - +0 leather armour
rPois   ∞          Reflect  .    s - +1 helmet
rElec   .          Harm     .    r - +0 cloak
rCorr   .          Rampage  .    (no gloves)
Will    .....                    (boots unavailable)
Stlth   +                        (no amulet)
HPRegen 0.26/turn                (no ring)
MPRegen 0.00/turn                (no ring)

@: flying
A: sickness immunity, fire resistance 2, cold vulnerability 1, float, innate
caster, HP casting, extra vitality 1
a: no special abilities


You were on level 4 of the Dungeon.
You visited 1 branch of the dungeon, and saw 5 of its levels.

You collected 149 gold pieces.
You spent 56 gold pieces at shops.

Inventory:

Hand Weapons
 a - a +0 long sword (weapon)
Missiles
 d - a throwing net (quivered)
 e - a javelin
Armour
 b - a +0 leather armour (worn)
 r - a +0 cloak (worn)
 s - a +1 helmet (worn)
Scrolls
 c - a scroll of blinking {unknown}
 g - a scroll of teleportation {unknown}
 j - a scroll of immolation {unknown}
 k - 4 scrolls of identify {unknown}
 m - a scroll of butterflies {unknown}
 o - a scroll of noise {unknown}
 q - a scroll of enchant armour {unknown}
 t - a scroll of fog {unknown}
Potions
 f - 4 potions of resistance {unknown}
 h - a potion of curing {unknown}
 i - a potion of heal wounds {unknown}
 l - 3 potions of might
 n - a potion of flight {unknown}
 p - 2 potions of magic {unknown}


   Skills:
 - Level 2.0 Fighting
 + Level 4.1 Long Blades
 - Level 1.5 Throwing
 - Level 3.2 Dodging
 + Level 2.3 Spellcasting


You had 5 spell levels left.
You knew the following spells:

 Your Spells              Type           Power      Damage    Failure   Level
a - Beastly Appendage     Tmut           14%        N/A       13%         1
b - Poisonous Vapours     Pois/Air       14%        N/A       19%         2
Your spell library was empty.

Dungeon Overview and Level Annotations

Branches:
Dungeon (5/15)
 Temple: D:4-7

Altars:

Shops:
D:1 *


Innate Abilities, Weirdness & Mutations

You are immune to sickness and miasma.
You are immune to poison.
Your flesh is very heat resistant. (rF++)
You are vulnerable to cold. (rC-)
You float through the air rather than walking.
You learn spells naturally, not from books.
Your magical power is your life essence.
You have superior vitality. (+4 MHP)


Message History

The scorpion struggles against the net.
The net rips apart, and the scorpion comes free!
The black bear bites you. The black bear closely misses you. x2
The scorpion stings you.
You barely miss the scorpion.
The scorpion is moderately wounded.
The black bear bites you. The black bear claws you.
* * * LOW HITPOINT WARNING * * *
The black bear misses you. The scorpion misses you.
The scorpion attacks as you move away! The scorpion stings you.
* * * LOW HITPOINT WARNING * * *
Throw: 2 throwing nets
Press: ? - help, Q - select action, (/) - cycle Shift-Dir - straight line, f/p - scorpion
Aim: a scorpion (moderately wounded, 59% to hit)
You throw a throwing net. The throwing net hits the scorpion.
The scorpion is caught in the net!
The scorpion is moderately wounded.
The scorpion struggles against the net.
You hit the scorpion.
The scorpion is moderately wounded.
The scorpion struggles against the net. x2
Your magical contamination has completely faded away.
The orc shouts!
You slash the scorpion!
The scorpion is severely wounded.
The scorpion struggles against the net.
The net rips apart, and the scorpion comes free!
You closely miss the scorpion.
The scorpion is severely wounded.
The scorpion stings you.
* * * LOW HITPOINT WARNING * * *
The scorpion stings you.
* * * LOW HITPOINT WARNING * * *
You completely miss the scorpion.
The scorpion is severely wounded.
The scorpion misses you.
You barely miss the scorpion.
The scorpion is severely wounded.
The scorpion stings you.
You die...

## ### .....#
..#.#
#...#########...
#.#.##hs@......#
#.s.#oo###+###..
#. #!#.#.## #.
#.....# #.#
#.....+
#.#######.....#
#.............#
.....###.......#
........####.#...


You could see a black bear, a scorpion and 2 orcs.

Vanquished Creatures
  A phantom (D:4)
  3 adders
  A worm (D:2)
  3 endoplasms
  A giant cockroach (D:3)
  3 goblins
  5 hobgoblins
  4 jackals (D:2)
  2 kobolds
  3 ball pythons
  2 bats (D:2)
  A frilled lizard (D:2)
29 creatures vanquished.

Notes
Turn   | Place    | Note
-------+----------+-------------------------------------------
     0 | D:1      | Jase the Djinni Gladiator began the quest for the Orb.
     0 | D:1      | Reached XP level 1. HP: 18/18 MP: 0/0
   265 | D:1      | Found Yno Byg's General Store.
   384 | D:1      | Reached XP level 2. HP: 20/23 MP: 0/0
   428 | D:1      | Reached skill level 3 in Long Blades
   723 | D:1      | Bought a potion of might for 56 gold pieces
   969 | D:2      | Reached skill level 1 in Spellcasting
   969 | D:2      | Reached XP level 3. HP: 21/28 MP: 0/0
   969 | D:2      | Learned a level 1 spell: Beastly Appendage
  1711 | D:2      | Reached XP level 4. HP: 17/33 MP: 0/0
  1898 | D:3      | You are sucked into a shaft and drop 2 floors!
  1898 | D:5      | Entered Level 5 of the Dungeon
  1926 | D:5      | Noticed a black bear
  1926 | D:5      | Noticed a necrophage
  1929 | D:4      | Noticed a phantom
  1948 | D:4      | Killed a phantom
  1949 | D:4      | Reached skill level 4 in Long Blades
  1949 | D:4      | Reached XP level 5. HP: 23/38 MP: 0/0
  1949 | D:4      | Learned a level 2 spell: Poisonous Vapours
  1989 | D:4      | HP: 1/38 [scorpion (6)]
  1991 | D:4      | Slain by a scorpion

Illustrated notes

Levels and vault maps discovered:
D:1:      dpeg_arrival_arbitrary_c, layout_loops_corners, serial_shops,
          nicolae_shop_trees
D:2:      layout_loops_ring, chequers_serial_rivers_small_3, nrook_campfire,
          chequers_serial_rivers_micro_a
D:3:      layout_rooms, kennysheep_generic_room_10
D:4:      layout_rooms, minitemple, minmay_misc_feat_enclosed,
          dreamdust_princess_bridge, chequers_serial_rivers_marsh,
          kennysheep_flooded_box, minmay_box_of_dots, uniq_edmund
D:5:      layout_basic, minmay_temple_entry_trees

Skill      XL: |  1  2  3  4 |
---------------+-------------+-----
Long Blades    | 3 4 |  4.1
Spellcasting   | 1 2 |  2.3
Fighting       | |  2.0
Throwing       | |  1.5
Dodging        | |  3.2

Action                   |  1- 3 |  4- 6 || total
-------------------------+-------+-------++-------
Melee: Long sword        |    79 |    32 ||   111
Throw: Throwing net      |       |     2 ||     2
 Cast: Poisonous Vapours |       |     1 ||     1
 Stab: Sleeping          |     1 |     2 ||     3
Armor: Leather armour    |    31 |    17 ||    48
Dodge: Dodged            |    56 |    24 ||    80

Table legend: (Time is in decaauts)
 A = Elapsed time spent in this place.
 B = Non-inter-level travel time spent in this place.
 C = Inter-level travel time spent in this place.
 D = Time resting spent in this place.
 E = Time spent auto-exploring this place.
 F = Levels seen in this place.
 G = Mean time per level.
                   A        B        C        D        E       F      G
               +--------+--------+--------+--------+--------+-----+--------+
         Total |   2016 |   1892 |    124 |     53 |   1500 |   5 |  403.2 |
       Dungeon |   2016 |   1892 |    124 |     53 |   1500 |   5 |  403.2 |
               +--------+--------+--------+--------+--------+-----+--------+

Top non-repeatable levels by time:
     D:1: 911 daAuts
     D:2: 908 daAuts
     D:3: 101 daAuts
     D:4: 65 daAuts
     D:5: 30 daAuts
